 Dungeon Crawl Stone Soup version 0.31.0-4-g52a2dc7128 (webtiles) character file.

Game seed: 15770651971218701912

131 Bobbunny the Trooper (level 5, -1/43 HPs)
             Began as a Formicid Fighter on Jan 22, 2024.
             Was a Follower of Qazlal.
             Slain by a gnoll
             ... wielding a +0 halberd
              (7 damage)
             ... on level 3 of the Dungeon.
             The game lasted 00:02:24 (2228 turns).

Bobbunny the Trooper (Formicid Fighter)             Turns: 2228, Time: 00:02:24

Health: -1/43      AC:  6    Str: 23    XL:     5   Next: 37%
Magic:  5/5        EV:  9    Int: 13    God:    Qazlal [*.....]
Gold:   115        SH:  6    Dex: 13    Spells: 4/4 levels left

rFire   . . .        a - +0 war axe
rCold   . . .        c - +0 buckler
rNeg    . . .        b - +0 scale mail
rPois   .            (helmet unavailable)
rElec   .            (no cloak)
rCorr   .            (no gloves)
SInv    +            (no boots)
Will    .....        (no amulet)
Stlth   +            i - +6 ring of intelligence
HPRegen 0.27/turn    (no ring)
MPRegen 0.09/turn

%: no passive effects
@: no status effects
A: permanent stasis, dig shafts and tunnels, antennae 3, four strong arms
a: Dig, Shaft Self, Renounce Religion


You were on level 3 of the Dungeon.
You worshipped Qazlal.
Qazlal was aware of your devotion.
You visited 1 branch of the dungeon, and saw 3 of its levels.

You collected 115 gold pieces.

Inventory:

Hand Weapons
 a - a +0 war axe (weapon)
Armour
 b - a +0 scale mail (worn)
 c - a +0 buckler (worn)
Jewellery
 i - a +6 ring of intelligence (left hand)
Wands
 l - a wand of quicksilver (14)
 o - a wand of polymorph (7)
Scrolls
 g - a scroll of blinking {unknown}
 h - a scroll of silence {unknown}
 j - a scroll of enchant armour {unknown}
 q - a scroll of noise {unknown}
Potions
 d - 2 potions of might
 e - 2 potions of curing {unknown}
 f - a potion of lignification {unknown}
 k - a potion of attraction {unknown}
 m - a potion of brilliance {unknown}
 n - a potion of haste {unknown}
 p - a potion of heal wounds {unknown}


   Skills:
 + Level 4.5 Fighting
 + Level 3.3 Axes
 - Level 3.2 Armour
 - Level 3.0 Stealth
 - Level 4.0 Shields
 + Level 0.8 Invocations


You had 4 spell levels left.
You didn't know any spells.
Your spell library contained the following spells:

 Spells                   Type           Power      Damage    Failure   Level
 Lesser Beckoning         Tloc           0%         N/A       80%         2
 Gell's Gravitas          Tloc           0%         N/A       95%         3
 Teleport Other           Tloc           0%         N/A       95%         3


Dungeon Overview and Level Annotations

Branches:
Dungeon (3/15)

Altars:
Qazlal

Shops:
D:3 (

Annotations:
D:3 1 transporter


Innate Abilities, Weirdness & Mutations

You cannot be hasted, slowed, berserked, paralysed or teleported.
You can dig through walls and to a lower floor.
You have a pair of large antennae on your head. (SInv)
Your four strong arms can wield two-handed weapons with a shield.


Message History

p - a sedimented purple potion
Found a scale mail.
q - a scroll labelled MYESYL GOWESI You sense a monster nearby.
No target in view!
You open the door. 3 gnolls come into view.
The gnoll shouts! x3
The gnoll barely misses you.
The gnoll is engulfed in a thunderstorm.
You kill the gnoll!
Qazlal accepts your kill.
There is an open door here.
You barely miss the gnoll. The gnoll hits you with a +0 club!
The gnoll hits you from afar with a +0 halberd!
You closely miss the gnoll. The gnoll hits you with a +0 club.
The gnoll misses you.
You slash the gnoll!
The gnoll is severely wounded.
A hobgoblin comes into view.
The gnoll hits you with a +0 club.
The gnoll hits you from afar with a +0 halberd.
The gnoll barely misses you. You block the gnoll's attack.
The hobgoblin shouts!
You hit the gnoll.
You kill the gnoll!
Qazlal accepts your kill. You block the gnoll's attack.
The gnoll hits you with a +0 halberd!
There is an open door, spattered with blood here.
Things that are here:
a +0 club; a gnoll corpse You barely miss the gnoll.
The gnoll hits you with a +0 halberd!
* * * LOW HITPOINT WARNING * * *
You block the gnoll's attack.
You hit the gnoll.
The gnoll is moderately wounded.
You hit the hobgoblin. The hobgoblin closely misses you.
The gnoll hits you with a +0 halberd!
You die...

{
#.####..#...###.....#.#8P#S~~
.......................#######
##.##.####>..###.....#.......[
#.##. ####### #.....#########
# #..... #......# #.....
#......# #..... #......#
##....g###......#
......g@........#
##.....########.# ###### #.#
#.# .+


You could see a gnoll and a hobgoblin.

Vanquished Creatures
  A bombardier beetle (D:3)
  An adder (D:2)
  2 gnolls (D:3)
  A dart slug (D:1)
  2 orcs (D:3)
  4 bats
  6 endoplasms
  3 giant cockroaches
  3 goblins
  6 hobgoblins
  10 jackals
  3 quokkas (D:1)
  5 ball pythons
  3 frilled lizards
  5 kobolds
  4 rats
59 creatures vanquished.

Notes
Turn   | Place    | Note
-------+----------+-------------------------------------------
     0 | D:1      | Bobbunny the Formicid Fighter began the quest for the Orb.
     0 | D:1      | Reached XP level 1. HP: 18/18 MP: 1/1
   181 | D:1      | Reached skill level 1 in Stealth
   181 | D:1      | Reached XP level 2. HP: 23/24 MP: 2/2
   409 | D:1      | Reached XP level 3. HP: 30/30 MP: 3/3
   992 | D:2      | Reached XP level 4. HP: 6/37 MP: 4/4
  1329 | D:2      | Found a faded altar of an unknown god.
  1939 | D:2      | Prayed at the altar of an unknown god.
  1939 | D:2      | Became a worshipper of Qazlal Stormbringer
  1939 | D:2      | Reached * piety under Qazlal
  2006 | D:3      | Found Gor Maow's Weapon Shop.
  2017 | D:3      | Reached XP level 5. HP: 41/43 MP: 5/5
  2189 | D:3      | Found a transporter.
  2228 | D:3      | Slain by a gnoll

Illustrated notes

Levels and vault maps discovered:
D:1:      dpeg_arrival_rooms_with_view, layout_loops_corners
D:2:      wander_river, layout_loops_ring, shapermc_ecumenical_altar_ellora
D:3:      gammafunk_steamed_eel, layout_basic, serial_shops, shop

Skill      XL: |  1  2  3  4 |
---------------+-------------+-----
Stealth        | 1 2 3 |  3.0
Fighting       | 4 |  4.5
Axes           | 3 |  3.3
Armour         | |  3.2
Shields        | |  4.0
Invocations    | |  0.8

Action                     |  1- 3 |  4- 6 || total
---------------------------+-------+-------++-------
  Melee: War axe           |    89 |    76 ||   165
 Armour: Scale mail        |    80 |    50 ||   130
  Dodge: Dodged            |    54 |    45 ||    99
  Block: Buckler           |    15 |    25 ||    40
